 Dungeon Crawl Stone Soup version 0.29.0-4-gdea44cf6ec (webtiles) character file.

Game seed: 6690861397647136460

294 qw the Chopper (level 6, -3/50 HPs)
             Began as a Ghoul Summoner on Sept 9, 2022.
             Slain by an ogre
             ... wielding a +0 giant club
              (21 damage)
             ... on level 4 of the Dungeon.
             The game lasted 00:02:15 (6397 turns).

qw the Chopper (Ghoul Summoner)                     Turns: 6397, Time: 00:02:16

Health: -3/50      AC: 13    Str: 14    XL:     6   Next: 33%
Magic:  7/7        EV:  6    Int: 10    God:
Gold:   172        SH:  0    Dex:  9    Spells: 7/8 levels left

rFire   + . .      SeeInvis .   Y - +0 hand axe
rCold   + . .      Faith    .   (no shield)
rNeg    + + +      Spirit   .   o - +0 chain mail
rPois   inf        Reflect  .   l - +2 hat
rElec   .          Harm     .   i - +2 cloak {rCorr}
rCorr   +          Rampage  .   (no gloves)
Will    .....                   (no boots)
Stlth   ..........              (no amulet)
HPRegen 0.00/turn               h - ring of protection from fire
MPRegen 0.10/turn               (no ring)

@: inhibited regen
A: claws 1, cold resistance 1, negative energy resistance 3, inhibited
regeneration, torment resistance 2, devour on kill
a: no special abilities


You were on level 4 of the Dungeon.
You visited 1 branch of the dungeon, and saw 4 of its levels.

You collected 172 gold pieces.


Innate Abilities, Weirdness & Mutations

You are immune to poison.
You have sharp fingernails.
Your flesh is cold resistant. (rC+)
You are immune to negative energy. (rN+++)
You do not regenerate when monsters are visible.
You are immune to unholy pain and torment.
You thrive by killing the living.


   Skills:
 + Level 2.7 Fighting
 - Level 4.4 Axes
 - Level 1.5 Armour
 - Level 1.7 Dodging
 - Level 2.1 Stealth
 - Level 1.7 Spellcasting
 - Level 3.6 Summonings


You had 7 spell levels left.
You knew the following spells:

 Your Spells              Type           Power      Damage    Failure   Level
a - Summon Small Mammal   Summ           32%        N/A       90%         1

Your spell library contained the following spells:

 Spells                   Type           Power      Damage    Failure   Level
 Call Imp                 Summ           8%         N/A       97%         2
 Call Canine Familiar     Summ           8%         N/A       99%         3
 Summon Guardian Golem    Hex/Summ       4%         N/A       100%        3
 Summon Lightning Spire   Summ/Air       4%         N/A       100%        4

Inventory:

Hand Weapons
 g - a +0 whip of draining
 Y - a +0 hand axe (weapon)
Missiles
 j - 2 boomerangs (quivered)
Armour
 b - a +0 ring mail of fire resistance
 i - a +2 cloak of preservation (worn)
 l - a +2 hat (worn)
 o - a +0 chain mail (worn)
Jewellery
 h - a ring of protection from fire (left claw)
Scrolls
 c - 2 scrolls of teleportation
 e - a scroll of identify
Potions
 f - a potion of cancellation
 k - a potion of heal wounds

Dungeon Overview and Level Annotations

Branches:
Dungeon (4/15)
 Temple: D:4-7

Altars:

Annotations:
D:3 1 runed translucent door, Crazy Yiuf


Message History

You see here a +0 leather armour.
A goblin comes into view. It is wielding a +0 club.
The goblin shouts!
Throw: 2 boomerangs
Press: ? - help, Q - select action Shift-Dir - straight line, f - goblin You throw a boomerang.
The boomerang hits the goblin.
You kill the goblin!
Things that are here:
a +0 club; a goblin corpse
Found a stone staircase leading down.
There is a stone staircase leading down here.
A ball python comes into view.
The ball python hisses angrily.
Throw: 2 boomerangs
Press: ? - help, Q - select action Shift-Dir - straight line, f - ball python You throw a boomerang.
The boomerang hits the ball python.
You kill the ball python!
An ogre comes into view. It is wielding a +0 giant club.
Throw: 2 boomerangs
Press: ? - help, Q - select action Shift-Dir - straight line, f - ogre You throw a boomerang.
The boomerang hits the ogre.
The ogre is lightly wounded.
Throw: 2 boomerangs
Press: ? - help, Q - select action Shift-Dir - straight line, f/p - ogre You throw a boomerang.
The boomerang barely misses the ogre.
You hit the ogre.
The ogre is lightly wounded.
The ogre hits you with a +0 giant club!
You hit the ogre.
The ogre is moderately wounded.
You slash the ogre!
The ogre is heavily wounded.
The ogre hits you with a +0 giant club!!
You barely miss the ogre.
The ogre is heavily wounded.
The ogre barely misses you.
You hit the ogre.
The ogre is heavily wounded.
The ogre hits you with a +0 giant club!!
You die...

############
#####....@O..%.#
#..>..########.#
#.##### #.# #.#
########.#
#........#
#.########
.........


You could see an ogre.

Vanquished Creatures
  A phantom (D:4)
  A jelly (D:4)
  An orc wizard (D:3)
  3 gnolls (D:2)
  3 adders
  A river rat (D:3)
  A dart slug (D:3)
  5 orcs
  4 ball pythons
  4 endoplasms
  A giant cockroach (D:3)
  4 goblins
  5 hobgoblins
  2 kobolds
  5 quokkas
  5 bats
  2 frilled lizards
  4 rats
52 creatures vanquished.

Vanquished Creatures (collateral kills)
  An adder (D:3)
  A worm (D:2)
  2 orcs (D:2)
  4 endoplasms
  3 goblins
  2 hobgoblins
  2 frilled lizards
  2 kobolds (D:1)
  2 rats
19 creatures vanquished.

Vanquished Creatures (others)
  An orc wizard (D:3)
1 creature vanquished.

Grand Total: 72 creatures vanquished

Notes
Turn   | Place    | Note
-------+----------+-------------------------------------------
     0 | D:1      | qw the Ghoul Summoner began the quest for the Orb.
     0 | D:1      | Reached XP level 1. HP: 14/14 MP: 2/2
     0 | D:1      | 0 ||| qw: Version: 0.1-a-113-g051387a
     0 | D:1      | 0 ||| qw: Game counter: 7275
     0 | D:1      | 0 ||| qw: Always use a shield: true
     0 | D:1      | 0 ||| qw: God list: Okawaru
     0 | D:1      | 0 ||| qw: Allow faded altars: false
     0 | D:1      | 0 ||| qw: Do Orc after D:15 true
     0 | D:1      | 0 ||| qw: Do second Lair branch before Depths: true
     0 | D:1      | 0 ||| qw: Lair rune preference: random
     0 | D:1      | 0 ||| qw: Plans: Normal
     0 | D:1      | 0 ||| PLANNING D:1-11
    42 | D:1      | 42 ||| CASTING Summon Small Mammal
    43 | D:1      | 43 ||| CASTING Summon Small Mammal
    76 | D:1      | 76 ||| CASTING Summon Small Mammal
    77 | D:1      | 77 ||| CASTING Summon Small Mammal
   105 | D:1      | 105 ||| CASTING Summon Small Mammal
   106 | D:1      | 106 ||| CASTING Summon Small Mammal
   118 | D:1      | 118 ||| CASTING Summon Small Mammal
   282 | D:1      | 282 ||| CASTING Summon Small Mammal
   283 | D:1      | 283 ||| CASTING Summon Small Mammal
   294 | D:1      | 294 ||| CASTING Summon Small Mammal
   561 | D:1      | 561 ||| CASTING Summon Small Mammal
   562 | D:1      | 562 ||| CASTING Summon Small Mammal
   574 | D:1      | 574 ||| CASTING Summon Small Mammal
   581 | D:1      | Reached skill level 1 in Axes
   621 | D:1      | 621 ||| CASTING Summon Small Mammal
   622 | D:1      | 622 ||| CASTING Summon Small Mammal
   665 | D:1      | 665 ||| CASTING Summon Small Mammal
   666 | D:1      | 666 ||| CASTING Summon Small Mammal
   677 | D:1      | 677 ||| CASTING Summon Small Mammal
   684 | D:1      | HP: 2/15 [kobold/+0 short sword (3)]
   690 | D:1      | Reached skill level 1 in Fighting
   690 | D:1      | Reached XP level 2. HP: 4/23 MP: 1/3
   953 | D:1      | 953 ||| Wielding weapon +0 short sword.
   979 | D:1      | 979 ||| CASTING Summon Small Mammal
   980 | D:1      | 980 ||| CASTING Summon Small Mammal
   981 | D:1      | 981 ||| CASTING Summon Small Mammal
   991 | D:1      | 991 ||| CASTING Summon Small Mammal
  1163 | D:1      | 1163 ||| CASTING Summon Small Mammal
  1164 | D:1      | 1164 ||| CASTING Summon Small Mammal
  1165 | D:1      | 1165 ||| CASTING Summon Small Mammal
  1202 | D:1      | 1202 ||| CASTING Summon Small Mammal
  1203 | D:1      | 1203 ||| CASTING Summon Small Mammal
  1204 | D:1      | 1204 ||| CASTING Summon Small Mammal
  1290 | D:1      | Found a faded altar of an unknown god.
  1377 | D:1      | 1377 ||| CASTING Summon Small Mammal
  1378 | D:1      | 1378 ||| CASTING Summon Small Mammal
  1379 | D:1      | 1379 ||| CASTING Summon Small Mammal
  1571 | D:1      | 1571 ||| CASTING Summon Small Mammal
  1572 | D:1      | 1572 ||| CASTING Summon Small Mammal
  1573 | D:1      | 1573 ||| CASTING Summon Small Mammal
  1610 | D:1      | 1610 ||| CASTING Summon Small Mammal
  1611 | D:1      | 1611 ||| CASTING Summon Small Mammal
  1612 | D:1      | 1612 ||| CASTING Summon Small Mammal
  1711 | D:1      | 1711 ||| CASTING Summon Small Mammal
  1712 | D:1      | 1712 ||| CASTING Summon Small Mammal
  1713 | D:1      | 1713 ||| CASTING Summon Small Mammal
  1753 | D:1      | 1753 ||| CASTING Summon Small Mammal
  1754 | D:1      | 1754 ||| CASTING Summon Small Mammal
  1755 | D:1      | 1755 ||| CASTING Summon Small Mammal
  1794 | D:1      | 1794 ||| CASTING Summon Small Mammal
  1795 | D:1      | 1795 ||| CASTING Summon Small Mammal
  1796 | D:1      | 1796 ||| CASTING Summon Small Mammal
  1807 | D:1      | 1807 ||| CASTING Summon Small Mammal
  1847 | D:1      | 1847 ||| CASTING Summon Small Mammal
  1848 | D:1      | 1848 ||| CASTING Summon Small Mammal
  1849 | D:1      | 1849 ||| CASTING Summon Small Mammal
  2003 | D:1      | 2003 ||| CASTING Summon Small Mammal
  2004 | D:1      | 2004 ||| CASTING Summon Small Mammal
  2005 | D:1      | 2005 ||| CASTING Summon Small Mammal
  2012 | D:1      | Reached skill level 2 in Axes
  2012 | D:1      | Reached XP level 3. HP: 28/28 MP: 0/4
  2187 | D:1      | 2187 ||| UPGRADING to +0 ring mail.
  2197 | D:1      | 2197 ||| DROPPING +0 robe.
  2198 | D:1      | 2198 ||| DROPPING +6 ring of intelligence.
  2199 | D:1      | 2199 ||| UPGRADING to ring of protection from fire.
  2200 | D:1      | 2200 ||| READING 3 scrolls labelled UQITHO VOIR.
  2201 | D:1      | 2201 ||| READING scroll labelled YWUWNI OKOFESCH.
  2202 | D:1      | 2202 ||| READING 2 scrolls of identify.
  2202 | D:1      | 2202 ||| IDENTIFYING grey potion
  2203 | D:1      | 2203 ||| DROPPING potion of magic.
  2213 | D:2      | 2213 ||| Stepping ~*~*~tactically~*~*~ (stealth).
  2214 | D:2      | 2214 ||| CASTING Summon Small Mammal
  2215 | D:2      | 2215 ||| CASTING Summon Small Mammal
  2216 | D:2      | 2216 ||| CASTING Summon Small Mammal
  2217 | D:2      | 2217 ||| CASTING Summon Small Mammal
  2224 | D:2      | 2224 ||| CASTING Summon Small Mammal
  2235 | D:2      | 2235 ||| CASTING Summon Small Mammal
  2242 | D:2      | 2242 ||| Stepping ~*~*~tactically~*~*~ (outnumbered).
  2243 | D:2      | 2243 ||| Stepping ~*~*~tactically~*~*~ (outnumbered).
  2244 | D:2      | 2244 ||| Stepping ~*~*~tactically~*~*~ (outnumbered).
  2245 | D:2      | 2245 ||| Stepping ~*~*~tactically~*~*~ (outnumbered).
  2246 | D:2      | 2246 ||| Stepping ~*~*~tactically~*~*~ (outnumbered).
  2247 | D:2      | 2247 ||| Stepping ~*~*~tactically~*~*~ (outnumbered).
  2248 | D:2      | 2248 ||| CASTING Summon Small Mammal
  2256 | D:2      | 2256 ||| CASTING Summon Small Mammal
  2293 | D:2      | 2293 ||| CASTING Summon Small Mammal
  2294 | D:2      | 2294 ||| CASTING Summon Small Mammal
  2295 | D:2      | 2295 ||| CASTING Summon Small Mammal
  2299 | D:2      | 2299 ||| CASTING Summon Small Mammal
  2424 | D:2      | 2424 ||| SWAPPING to +0 rapier.
  2425 | D:2      | 2425 ||| DROPPING +0 short sword of protection.
  2435 | D:2      | 2435 ||| Stepping ~*~*~tactically~*~*~ (stealth).
  2437 | D:2      | 2437 ||| Stepping ~*~*~tactically~*~*~ (stealth).
  2439 | D:2      | 2439 ||| CASTING Summon Small Mammal
  2440 | D:2      | 2440 ||| CASTING Summon Small Mammal
  2442 | D:2      | 2442 ||| CASTING Summon Small Mammal
  2443 | D:2      | 2443 ||| CASTING Summon Small Mammal
  2449 | D:2      | 2449 ||| CASTING Summon Small Mammal
  2508 | D:2      | 2508 ||| CASTING Summon Small Mammal
  2509 | D:2      | 2509 ||| CASTING Summon Small Mammal
  2510 | D:2      | 2510 ||| CASTING Summon Small Mammal
  2511 | D:2      | 2511 ||| CASTING Summon Small Mammal
  2518 | D:2      | 2518 ||| CASTING Summon Small Mammal
  2726 | D:2      | 2726 ||| Stepping ~*~*~tactically~*~*~ (hiding).
  2765 | D:2      | 2765 ||| Stepping ~*~*~tactically~*~*~ (stealth).
  2766 | D:2      | 2766 ||| Stepping ~*~*~tactically~*~*~ (hiding).
  2800 | D:2      | 2800 ||| Stepping ~*~*~tactically~*~*~ (stealth).
  2801 | D:2      | 2801 ||| Stepping ~*~*~tactically~*~*~ (hiding).
  2802 | D:2      | 2802 ||| Stepping ~*~*~tactically~*~*~ (hiding).
  2803 | D:2      | 2803 ||| Stepping ~*~*~tactically~*~*~ (hiding).
  2808 | D:2      | 2808 ||| CASTING Summon Small Mammal
  2809 | D:2      | 2809 ||| CASTING Summon Small Mammal
  2810 | D:2      | 2810 ||| CASTING Summon Small Mammal
  2811 | D:2      | 2811 ||| CASTING Summon Small Mammal
  2818 | D:2      | 2818 ||| CASTING Summon Small Mammal
  3058 | D:2      | 3058 ||| CASTING Summon Small Mammal
  3059 | D:2      | 3059 ||| CASTING Summon Small Mammal
  3060 | D:2      | 3060 ||| CASTING Summon Small Mammal
  3061 | D:2      | 3061 ||| CASTING Summon Small Mammal
  3068 | D:2      | 3068 ||| CASTING Summon Small Mammal
  3078 | D:2      | 3078 ||| CASTING Summon Small Mammal
  3081 | D:2      | Reached XP level 4. HP: 34/36 MP: 0/5
  3206 | D:2      | 3206 ||| CASTING Summon Small Mammal
  3207 | D:2      | 3207 ||| CASTING Summon Small Mammal
  3208 | D:2      | 3208 ||| CASTING Summon Small Mammal
  3209 | D:2      | 3209 ||| CASTING Summon Small Mammal
  3210 | D:2      | 3210 ||| CASTING Summon Small Mammal
  3216 | D:2      | 3216 ||| CASTING Summon Small Mammal
  3225 | D:2      | 3225 ||| CASTING Summon Small Mammal
  3231 | D:2      | HP: 8/36 [gnoll/+0 club (4)]
  3235 | D:2      | 3235 ||| CASTING Summon Small Mammal
  3432 | D:2      | 3432 ||| CASTING Summon Small Mammal
  3433 | D:2      | 3433 ||| CASTING Summon Small Mammal
  3434 | D:2      | 3434 ||| CASTING Summon Small Mammal
  3435 | D:2      | 3435 ||| CASTING Summon Small Mammal
  3436 | D:2      | 3436 ||| CASTING Summon Small Mammal
  3503 | D:2      | 3503 ||| CASTING Summon Small Mammal
  3504 | D:2      | 3504 ||| CASTING Summon Small Mammal
  3505 | D:2      | 3505 ||| CASTING Summon Small Mammal
  3506 | D:2      | 3506 ||| CASTING Summon Small Mammal
  3507 | D:2      | 3507 ||| CASTING Summon Small Mammal
  3513 | D:2      | 3513 ||| CASTING Summon Small Mammal
  3692 | D:2      | 3692 ||| Stepping ~*~*~tactically~*~*~ (hiding).
  3693 | D:2      | 3693 ||| Stepping ~*~*~tactically~*~*~ (hiding).
  3694 | D:2      | 3694 ||| CASTING Summon Small Mammal
  3695 | D:2      | 3695 ||| CASTING Summon Small Mammal
  3696 | D:2      | 3696 ||| CASTING Summon Small Mammal
  3697 | D:2      | 3697 ||| CASTING Summon Small Mammal
  3698 | D:2      | 3698 ||| CASTING Summon Small Mammal
  3704 | D:2      | 3704 ||| CASTING Summon Small Mammal
  3708 | D:2      | Reached skill level 3 in Axes
  3812 | D:2      | 3812 ||| CASTING Summon Small Mammal
  3813 | D:2      | 3813 ||| CASTING Summon Small Mammal
  3814 | D:2      | 3814 ||| CASTING Summon Small Mammal
  3815 | D:2      | 3815 ||| CASTING Summon Small Mammal
  3816 | D:2      | 3816 ||| CASTING Summon Small Mammal
  3869 | D:2      | 3869 ||| CASTING Summon Small Mammal
  3870 | D:2      | 3870 ||| CASTING Summon Small Mammal
  3871 | D:2      | 3871 ||| CASTING Summon Small Mammal
  3872 | D:2      | 3872 ||| CASTING Summon Small Mammal
  3873 | D:2      | 3873 ||| CASTING Summon Small Mammal
  3879 | D:2      | 3879 ||| CASTING Summon Small Mammal
  3965 | D:2      | 3965 ||| CASTING Summon Small Mammal
  3966 | D:2      | 3966 ||| CASTING Summon Small Mammal
  3967 | D:2      | 3967 ||| CASTING Summon Small Mammal
  3968 | D:2      | 3968 ||| CASTING Summon Small Mammal
  3969 | D:2      | 3969 ||| CASTING Summon Small Mammal
  4037 | D:2      | 4037 ||| CASTING Summon Small Mammal
  4038 | D:2      | 4038 ||| CASTING Summon Small Mammal
  4039 | D:2      | 4039 ||| CASTING Summon Small Mammal
  4040 | D:2      | 4040 ||| CASTING Summon Small Mammal
  4041 | D:2      | 4041 ||| CASTING Summon Small Mammal
  4047 | D:2      | 4047 ||| CASTING Summon Small Mammal
  4107 | D:2      | 4107 ||| CASTING Summon Small Mammal
  4108 | D:2      | 4108 ||| CASTING Summon Small Mammal
  4109 | D:2      | 4109 ||| CASTING Summon Small Mammal
  4110 | D:2      | 4110 ||| CASTING Summon Small Mammal
  4111 | D:2      | 4111 ||| CASTING Summon Small Mammal
  4175 | D:2      | You fall into a shaft and drop 1 floor!
  4178 | D:3      | 4178 ||| PLANNING SEWER
  4178 | D:3      | 4178 ||| CASTING Summon Small Mammal
  4179 | D:3      | 4179 ||| CASTING Summon Small Mammal
  4180 | D:3      | 4180 ||| CASTING Summon Small Mammal
  4181 | D:3      | 4181 ||| CASTING Summon Small Mammal
  4182 | D:3      | 4182 ||| CASTING Summon Small Mammal
  4237 | D:3      | 4237 ||| CASTING Summon Small Mammal
  4238 | D:3      | 4238 ||| CASTING Summon Small Mammal
  4239 | D:3      | 4239 ||| CASTING Summon Small Mammal
  4240 | D:3      | 4240 ||| CASTING Summon Small Mammal
  4241 | D:3      | 4241 ||| CASTING Summon Small Mammal
  4248 | D:3      | 4248 ||| CASTING Summon Small Mammal
  4315 | D:3      | 4315 ||| CASTING Summon Small Mammal
  4316 | D:3      | 4316 ||| CASTING Summon Small Mammal
  4317 | D:3      | 4317 ||| CASTING Summon Small Mammal
  4318 | D:3      | 4318 ||| CASTING Summon Small Mammal
  4319 | D:3      | 4319 ||| CASTING Summon Small Mammal
  4326 | D:3      | 4326 ||| CASTING Summon Small Mammal
  4396 | D:3      | Found a glowing drain.
  4397 | D:3      | 4397 ||| CASTING Summon Small Mammal
  4398 | D:3      | 4398 ||| CASTING Summon Small Mammal
  4399 | D:3      | 4399 ||| CASTING Summon Small Mammal
  4400 | D:3      | 4400 ||| CASTING Summon Small Mammal
  4401 | D:3      | 4401 ||| CASTING Summon Small Mammal
  4407 | D:3      | 4407 ||| CASTING Summon Small Mammal
  4410 | D:3      | 4410 ||| Stepping ~*~*~tactically~*~*~ (outnumbered).
  4416 | D:3      | 4416 ||| Stepping ~*~*~tactically~*~*~ (outnumbered).
  4417 | D:3      | 4417 ||| Stepping ~*~*~tactically~*~*~ (outnumbered).
  4418 | D:3      | 4418 ||| CASTING Summon Small Mammal
  4427 | D:3      | Reached XP level 5. HP: 17/41 MP: 1/6
  4611 | D:3      | 4611 ||| UPGRADING to +0 ring mail of fire resistance.
  4621 | D:3      | 4621 ||| UPGRADING to +0 scale mail.
  4631 | D:3      | 4631 ||| DROPPING +0 ring mail.
  4632 | D:3      | 4632 ||| UPGRADING to +2 cloak of preservation.
  4637 | D:3      | 4637 ||| UPGRADING to +2 hat.
  4642 | D:3      | 4642 ||| UPGRADING to +0 chain mail.
  4652 | D:3      | 4652 ||| DROPPING +0 scale mail.
  4653 | D:3      | 4653 ||| READING scroll labelled WISID PIPT.
  4656 | D:3      | 4656 ||| READING scroll labelled REARUPLECK.
  4657 | D:3      | 4657 ||| READING scroll labelled UNOQEO HIRHY.
  4659 | D:3      | 4659 ||| Stepping ~*~*~tactically~*~*~ (stealth).
  4685 | D:3      | 4685 ||| Stepping ~*~*~tactically~*~*~ (hiding).
  4712 | D:3      | 4712 ||| FLEEEEING.
  4714 | D:3      | 4714 ||| FLEEEEING.
  4715 | D:3      | 4715 ||| FLEEEEING.
  4721 | D:3      | 4721 ||| Stepping ~*~*~tactically~*~*~ (outnumbered).
  4722 | D:3      | 4722 ||| Stepping ~*~*~tactically~*~*~ (outnumbered).
  4726 | D:3      | Reached skill level 1 in Armour
  4727 | D:3      | HP: 10/41 [orc/+0 whip of draining (5)]
  4731 | D:3      | HP: 4/41 [orc/+0 whip of draining (2)]
  4924 | D:3      | 4924 ||| RIP SEWER
  4987 | D:3      | 4987 ||| PLANNING D:1-11
  5004 | D:2      | 5004 ||| SWAPPING to +0 hand axe.
  5005 | D:2      | 5005 ||| DROPPING +0 rapier.
  5110 | D:2      | 5110 ||| DROPPING +0 club.
  5389 | D:2      | 5389 ||| READING 2 scrolls of identify.
  5389 | D:2      | 5389 ||| IDENTIFYING emerald potion
  5412 | D:3      | 5412 ||| Stepping ~*~*~tactically~*~*~ (hiding).
  5573 | D:3      | 5573 ||| DROPPING +0 mace.
  5721 | D:3      | Found a runed translucent door.
  5722 | D:3      | Noticed Crazy Yiuf
  5761 | D:3      | 5761 ||| Stepping ~*~*~tactically~*~*~ (stealth).
  6086 | D:3      | 6086 ||| READING scroll labelled LADIAC TUUS.
  6087 | D:3      | 6087 ||| READING 2 scrolls of identify.
  6087 | D:3      | 6087 ||| IDENTIFYING sedimented dark potion
  6088 | D:3      | 6088 ||| DROPPING potion of degeneration.
  6126 | D:4      | Noticed a phantom
  6153 | D:4      | Killed a phantom
  6154 | D:4      | Reached skill level 4 in Axes
  6154 | D:4      | Reached XP level 6. HP: 36/48 MP: 7/7
  6397 | D:4      | Slain by an ogre

Levels and vault maps discovered:
D:1:      wander_arrival_peaceful_grave, layout_basic,
          ebering_ecumenical_altar_webs, minmay_pentomino_z4
D:2:      layout_basic, nicolae_concentric_dashed_squares_mild,
          guppyfry_early_orc_mine
D:3:      layout_basic, portal_sewer_entry_b, amcnicky_mini_pool_small,
          uniq_crazy_yiuf_cottage
D:4:      layout_loops_ring, minmay_temple_entry_proselytizer

Skill      XL: |  1  2  3  4  5 |
---------------+----------------+-----
Axes           | 1 2 3 4 |  4.4
Fighting       | 1 2 |  2.7
Armour         | 1 |  1.5
Dodging        | |  1.7
Stealth        | |  2.1
Spellcasting   | |  1.7
Summonings     | |  3.6

Action                   |  1- 3 |  4- 6 || total
-------------------------+-------+-------++-------
Melee: Unarmed           |    36 |       ||    36
       Short sword       |    65 |       ||    65
       Punch             |     1 |     3 ||     4
       Rapier            |    43 |   116 ||   159
       Hand axe          |       |    59 ||    59
Throw: Boomerang         |     3 |    28 ||    31
 Cast: Summon Small Mamm |    76 |    65 ||   141
  Use: Scroll            |     3 |     6 ||     9
 Stab: Distracted        |       |     1 ||     1
Armor: Robe              |     8 |       ||     8
       Ring mail         |    31 |    29 ||    60
       Chain mail        |       |    73 ||    73
Dodge: Dodged            |   104 |    83 ||   187

Table legend:
 A = Non-vault XP
 B = Vault XP
 C = Vault XP percentage of total XP
 D = Non-vault monster count
 E = Vault monster count
 F = Vault count percentage of total count
                 A         B        C        D         E       F
            +---------+---------+-------+---------+---------+-------
      Total |     379 |      41 |   9.8 |      58 |      14 |  19.4
            +---------+---------+-------+---------+---------+-------
        D:1 |      26 |       8 |  23.5 |      16 |       4 |  20.0
        D:2 |      91 |      17 |  15.7 |      18 |       7 |  28.0
        D:3 |      99 |      16 |  13.9 |      18 |       3 |  14.3
        D:4 |     163 |       0 |   0.0 |       6 |       0 |   0.0
            +---------+---------+-------+---------+---------+-------
